Map: Bridgehead LE (Void)

Players

Vortex - Winner!

  • Race: Terran Terran
  • League: Grandmaster

Deiidara

  • Race: Protoss Protoss
  • League: Bronze

VOD

https://www.youtube.com/watch?v=ObPMI-wllgc

Description

Preferred LOTV Terran play style. Needs optimisation. Needs to be kept Silver League friendly.

This is game 2 of 2.
Game 1 can be found
https://www.youtube.com/watch?v=8NlEceQv0dk

Time

  • Played on: Oct. 18, 2015, 7:57 a.m.
  • Length: 12:23
Show
View Real Time Build Order
Export as new Build Order

Vortex Terran - Winner!

Build Orders:  

Get SALT Encoding   

  12  0:02  SCV  
  13  0:14  SCV  
  14  0:21  Supply Depot  
  14  0:26  SCV  
  15  0:42  SCV  
  16  0:44  Barracks  
  16  0:49  Refinery  
  16  0:54  SCV  
  17  1:06  SCV  
  17  1:09  Barracks  
  18  1:19  SCV  
  19  1:32  Marine  
  20  1:34  Orbital Command  
  20  1:57  Command Center  
  20  2:01  Barracks Reactor  
  20  2:02  Barracks Tech Lab  
  20  2:06  SCV  
  21  2:18  SCV  
  22  2:24  Stimpack  
  22  2:30  SCV  
  22  2:35  Supply Depot  
  23  2:39  Supply Depot  
  23  2:53  Refinery  
  23  2:57  SCV, Marine x3  
  27  3:04  Factory  
  27  3:09  SCV  
  27  3:11  Supply Depot  
  28  3:13  Orbital Command  
  28  3:21  SCV  
  28  3:24  Marine  
  28  3:25  Marine  
  32  3:28  Marauder  
  32  3:33  SCV  
  34  3:39  SCV  
  35  3:45  SCV  
  35  3:46  Supply Depot, Marine  
  37  3:50  Marauder  
  37  3:51  SCV  
  40  3:55  Starport  
  40  3:57  SCV  
  40  4:02  Supply Depot  
  41  4:03  SCV  
  41  4:09  SCV  
  42  4:29  SCV x2  
  44  4:34  Engineering Bay  
  44  4:36  Marine x2, Engineering Bay, Marauder  
  48  4:51  Barracks  
  48  4:52  Barracks  
  48  4:54  Marine x2  
  48  4:55  Medivac  
  48  4:57  Marauder  
  54  5:11  Supply Depot  
  54  5:12  Marine x2  
  56  5:14  Supply Depot  
  56  5:19  Terran Infantry Armor Level 1, Marauder  
  58  5:22  Terran Infantry Weapons Level 1  
  49  5:51  Marauder, Marine x2  
  49  5:55  Barracks Reactor  
  49  5:56  Barracks Reactor  
  51  5:57  SCV x2  
  51  5:59  Missile Turret  
  51  6:03  Missile Turret  
  53  6:07  Supply Depot  
  53  6:09  SCV x2  
  55  6:21  SCV x2, Marauder, Marine x2  
  61  6:32  Refinery  
  61  6:33  SCV  
  61  6:34  SCV, Refinery  
  61  6:39  Marine x2  
  65  6:44  Marine x3, Marauder  
  65  6:45  Marine  
  71  6:56  Marine  
  71  6:57  Marine  
  71  7:07  SCV  
  71  7:08  SCV  
  72  7:15  Armory  
  72  7:16  Marauder  
  74  7:23  Marine x2  
  74  7:24  Marine x2  
  74  7:26  Medivac  
  74  7:27  SCV x2  
  82  7:38  Marauder  
  82  7:43  Command Center  
  84  7:46  Marine x4  
  84  7:50  Missile Turret  
  88  7:54  Supply Depot  
  88  7:56  Supply Depot  
  88  7:59  Marauder  
  90  8:08  Marine  
  90  8:09  Marine x5  
  96  8:15  SCV x2  
  98  8:21  Marauder  
  98  8:22  Bunker  
  98  8:26  Marine x5  
  103  8:33  Command Center  
  105  8:42  Marauder  
  97  8:52  Marine x6  
  76  9:03  Marauder  
  76  9:09  Marine  
  78  9:10  Marine x5  
  78  9:15  Barracks  
  78  9:16  Terran Infantry Weapons Level 2, Barracks, Terran Infantry Armor Level 2  
  84  9:18  Supply Depot  
  84  9:20  Barracks x2  
  84  9:23  Barracks  
  78  9:25  Marauder  
  78  9:27  Marine  
  78  9:28  Marine x5  
  84  9:40  SCV x2, Orbital Command  
  86  9:46  Marauder  
  86  9:50  Medivac  
  86  9:52  SCV x2, Marine x6  
  98  10:04  SCV  
  99  10:08  Marauder  
  99  10:10  Marine  
  102  10:16  SCV x2  
  102  10:18  Orbital Command  
  102  10:20  Medivac  
  106  10:28  SCV x2  
  108  10:29  Refinery  
  108  10:36  Marauder  
  108  10:38  Barracks Tech Lab  
  108  10:39  Barracks Tech Lab  
  108  10:40  Barracks Reactor x2, SCV  
  108  10:41  Barracks Reactor  
  111  10:43  SCV  
  112  10:52  SCV  
  113  11:03  Marine  
  113  11:04  Marauder  
  116  11:10  SCV x2  
  118  11:21  SCV x2  
  120  11:32  Supply Depot  
  120  11:36  Supply Depot  
  120  12:00  SCV x2  
Show
View Real Time Build Order
Export as new Build Order

Deiidara Protoss 

Build Orders:  

Get SALT Encoding   

  12  0:02  Probe (Chrono Boost)  
  13  0:12  Probe (Chrono Boost)  
  14  0:23  Probe (Chrono Boost)  
  14  0:24  Pylon  
  15  0:29  Assimilator  
  15  0:46  Gateway  
  15  0:49  Probe (Chrono Boost)  
  16  0:50  Assimilator  
  16  0:59  Probe (Chrono Boost)  
  17  1:07  Pylon  
  17  1:10  Probe (Chrono Boost)  
  18  1:21  Probe (Chrono Boost)  
  18  1:23  Pylon  
  19  1:31  Probe (Chrono Boost)  
  20  1:41  Cybernetics Core  
  20  1:42  Probe (Chrono Boost)  
  21  1:52  Probe (Chrono Boost)  
  22  2:02  Pylon  
  22  2:03  Probe (Chrono Boost)  
  23  2:14  Gateway  
  25  2:30  Mothership Core (Chrono Boost)  
  25  2:37  Pylon, Warp Gate  
  25  2:47  Pylon  
  25  2:48  Probe (Chrono Boost)  
  26  2:58  Probe (Chrono Boost)  
  27  3:09  Gateway  
  27  3:22  Nexus  
  27  3:25  Assimilator  
  27  3:27  Probe (Chrono Boost)  
  27  3:31  Adept  
  30  3:38  Probe (Chrono Boost)  
  32  3:48  Probe (Chrono Boost)  
  32  3:59  Probe (Chrono Boost)  
  33  4:08  Stargate  
  33  4:11  Probe (Chrono Boost)  
  33  4:12  Pylon  
  33  4:15  Pylon  
  33  4:16  Adept  
  35  4:24  Probe (Chrono Boost)  
  36  4:34  Probe (Chrono Boost)  
  37  4:45  Probe (Chrono Boost)  
  38  4:51  Gateway  
  38  4:53  Gateway, Oracle  
  38  4:55  Probe (Chrono Boost)  
  42  5:00  Protoss Air Weapons Level 1  
  42  5:06  Probe (Chrono Boost)  
  43  5:10  Probe (Chrono Boost)  
  43  5:11  Forge  
  44  5:16  Probe (Chrono Boost)  
  44  5:20  Probe (Chrono Boost), Assimilator  
  46  5:27  Probe (Chrono Boost)  
  47  5:29  Adept  
  47  5:30  Stalker  
  47  5:31  Probe (Chrono Boost)  
  47  5:32  Sentry  
  54  5:37  Probe (Chrono Boost)  
  53  5:47  Mothership Core (Chrono Boost)  
  53  5:48  Probe (Chrono Boost)  
  52  6:01  Robotics Facility  
  52  6:05  Stargate  
  52  6:07  Stalker  
  52  6:08  Adept  
  52  6:09  Adept  
  58  6:14  Adept x2  
  58  6:15  Probe (Chrono Boost)  
  63  6:26  Probe (Chrono Boost)  
  63  6:29  Oracle  
  67  6:46  Fleet Beacon  
  58  7:24  Probe (Chrono Boost)  
  58  7:29  Pylon  
  59  7:32  Pylon  
  59  7:34  Tempest  
  59  7:35  Probe (Chrono Boost)  
  59  7:36  Pylon  
  64  7:39  Tempest, Pylon  
  64  7:42  Pylon  
  68  7:44  Pylon  
  68  7:45  Probe (Chrono Boost)  
  68  7:50  Immortal  
  73  7:56  Stalker, Probe (Chrono Boost)  
  76  8:02  Protoss Ground Weapons Level 1  
  76  8:06  Protoss Air Weapons Level 2  
  76  8:07  Probe (Chrono Boost)  
  49  8:55  Stalker x2  
  49  8:56  Stalker x3  
  53  9:09  Probe (Chrono Boost)  
  54  9:15  Pylon  
  52  9:19  Probe (Chrono Boost)  
  52  9:23  Tempest  
  55  9:28  Immortal  
  55  9:30  Probe (Chrono Boost)  
  58  9:34  Stalker  
  58  9:36  Sentry  
  62  9:40  Probe (Chrono Boost)  
  63  9:51  Probe (Chrono Boost)  
  56  10:04  Probe (Chrono Boost)  
  57  10:08  Immortal  
  57  10:12  Pylon  
  61  10:33  Nexus  
  61  10:37  Pylon  
  61  10:40  Pylon x2  
  61  10:43  Pylon  
  61  10:45  Pylon  
  61  10:50  Gateway  
  61  10:54  Gateway  
  61  11:00  Stalker  
  63  11:09  Stalker x2  
  67  11:13  Stalker  
  69  11:40  Assimilator  
  69  11:44  Assimilator  
  69  11:45  Probe (Chrono Boost)  
  70  11:48  Pylon  
  70  11:50  Pylon  
  70  11:53  Pylon  
  70  11:56  Probe (Chrono Boost)  
  70  11:57  Stalker x2  
  70  11:59  Sentry  
  64  12:06  Probe (Chrono Boost)  
Tags
 
Add a new tag
Caveats
  • Supply blocks, unpowered buildings, or Contaminate may cause inaccurate times.
  • Supply counts are checked every 10 seconds.